AoeStats
← m00157301

Hideout

510088909Analyzed
1v1 RM · 3d ago on Sep 29, 2026· 35m 40s· 2 players
Game mode
Random Map
Map size
Tiny (2 player)
Population
200
Speed
Normal
Resources
Standard
Victory
Conquest
Starting age
Dark Age
Ending age
Imperial Age
RankedLock teamsTeams togetherTeam positionsShared explorationLock speedFull tech treeHidden civsTurbo modeCheats
Victory
Defeat
🇹🇼 Huns · Taiwan
829
+16
🇯🇵 Celts · Japan
838
-16
m00157301
9:07 Feudal Age
10:23 Wheelbarrow
9:38 Double-Bit Axe
10:14 Horse Collar
12:16 Loom
12:19 Town Watch
12:31 Man-at-Arms
20:50 Scale Mail Armor
21:09 Scale Barding Armor
24:00 Castle Age
25:03 Bow Saw
24:55 Heavy Plow
25:18 Hand Cart
25:15 Stone Mining
28:03 Gold Mining
29:00 Pikeman
29:39 Long Swordsman
30:54 Squires
31:19 Chain Mail Armor
takybrest
7:25 Loom
9:48 Feudal Age
10:32 Man-at-Arms
10:58 Arson
12:43 Forging
15:57 Double-Bit Axe
17:31 Fletching
18:06 Horse Collar
20:28 Wheelbarrow
25:00 Castle Age
23:23 Padded Archer Armor
23:24 Scale Mail Armor
24:56 Scale Barding Armor
25:23 Crossbowman
26:06 Husbandry
25:45 Light Cavalry
27:03 Bow Saw
28:44 Bodkin Arrow
33:10 Heavy Plow
33:08 Elite Skirmisher
35:27 Hand Cart
35:16 Stone Mining
35:16 Gold Mining
Connection lost

Rejoining the realm…

Still unreachable

The connection could not be restored.

Session expired

The server has moved on; the page needs a fresh start.